 Dungeon Crawl Stone Soup version bcrawl-1.32 (webtiles) character file.

Game seed: 10345276641035404873

118723 Leeroy the Slasher (level 3, -2/21 HPs)
             Began as a Skeleton Skald on Aug 1, 2021.
             Slain by an orc
             ... wielding a cursed -1 hand axe
              (5 damage)
             ... on level 2 of the Dungeon.
             The game lasted 00:01:27 (1038 turns).

Leeroy the Slasher (Skeleton Skald)                 Turns: 1038, Time: 00:01:28

Health: -2/21      AC:  3    Str: 16 (17) XL:     3   Next: 19%
Magic:  0/7        EV: 12    Int: 11      God:
Gold:   55         SH:  0    Dex:  8 (9)  Spells: 7/8 levels left

rFire    + . .     SeeInvis .   a - +0 long sword
rCold    . . .     Gourm    .   (no shield)
rNeg     + + +     Faith    .   b - +0 leather armour
rPois    ∞         Spirit   +   (no helmet)
rElec    .         Reflect  .   (no cloak)
rCorr    .         Harm     .   (no gloves)
MR       .....                  (no boots)
Stlth    +.........             (no amulet)
HPRegen  0.07/turn              g - ring of fire (curse)
MPRegen  0.10/turn              (no ring)

@: infused
A: no food or potions, cold resistance 1, deterioration 1, negative energy
resistance 3, torment resistance, unbreathing, magic shield, sturdy frame 1,
spell healing
a: no special abilities


You were on level 2 of the Dungeon.
You were not hungry.

You visited 1 branch of the dungeon, and saw 2 of its levels.

You collected 55 gold pieces.

Inventory:

Hand Weapons
 a - a +0 long sword (weapon)
 h - a +0 whip of flaming
Missiles
 e - 53 poisoned needles
 f - 617 stones (quivered)
Armour
 b - a +0 leather armour (worn)
Jewellery
 g - a cursed ring of fire (left hand)
Scrolls
 c - a scroll of fog {unknown}
 i - 4 scrolls of identify


   Skills:
 - Level 2.0 Fighting
 + Level 4.4 Long Blades
 - Level 1.1 Armour
 - Level 2.1 Dodging
 - Level 3.0 Spellcasting
 - Level 3.2 Charms


You had 7 spell levels left.
You knew the following spells:

 Your Spells              Type           Power        Failure   Level  Hunger
a - Infusion              Chrm           #.......     7%          1    N/A

Your spell library contained the following spells:

 Spells                   Type           Power        Failure   Level  Hunger
 Song of Slaying          Chrm           #.......     11%         2    N/A
 Swiftness                Chrm/Air       #.......     22%         2    N/A
 Ozocubu's Armour         Chrm/Ice       #.......     38%         3    N/A
 Spectral Weapon          Hex/Chrm       #.......     38%         3    N/A
 Regeneration             Chrm/Necr      Unusable     N/A         3    N/A

Dungeon Overview and Level Annotations

Branches:
Dungeon (2/12)

Altars:


Innate Abilities, Weirdness & Mutations

You do not eat or drink.
You are immune to poison.
Your flesh is cold resistant. (rC+)
Your body sometimes deteriorates upon taking damage.
You are immune to negative energy. (rN+++)
You are immune to unholy pain and torment.
You can survive without breathing.
When hurt, damage is shared between your health and your magic reserves.
Your movements are slightly less encumbered by armour. (ER -2)
Casting spells heals you.


Message History

A bat comes into view.
The adder bites you.
* * * LOW HITPOINT WARNING * * *
You miss the adder. The adder barely misses you.
The adder bites you but does no damage.
Casting: Infusion (safe; 7% risk of failure)
Confirm with . or Enter, or press ? or * to list all spells.
You begin infusing your attacks with magical energy.
The adder bites you.
* * * LOW HITPOINT WARNING * * *
Your body deteriorates!
You feel weakened.
You closely miss the adder. The adder bites you but does no damage.
You can't drink.
As you read the scroll of fear, it crumbles to dust.
You assume a fearsome visage.
The bat looks frightened!
The adder looks frightened!
The kobold looks frightened!
You can't go up here!
You closely miss the orc.
The orc hits you with a cursed -1 hand axe.
You die...

#........
#........
#####........ ..
......... ###.
...KS.. #.
...##.... #.##
#....# #... #.#o#
#..# ###.@.#
##..###...###
###......)...#
........†....#
##..........#
#..........#
####..........#
..##.............#
.....###....######
###


You could see an adder (fleeing), an orc and a kobold (fleeing).

Vanquished Creatures
  2 dart slugs (D:1)
  A leopard gecko (D:2)
  3 bats
  4 goblins
  5 hobgoblins
  7 kobolds
  A quokka (D:2)
  A frilled lizard (D:1)
  6 rats
30 creatures vanquished.

Notes
Turn   | Place    | Note
-------+----------+-------------------------------------------
     0 | D:1      | Leeroy the Skeleton Skald began the quest for the Orb.
     0 | D:1      | Reached XP level 1. HP: 12/12 MP: 4/4
   116 | D:1      | Reached skill level 3 in Long Blades
   153 | D:1      | Reached XP level 2. HP: 17/17 MP: 6/6
   852 | D:2      | Reached skill level 4 in Long Blades
   949 | D:2      | Reached XP level 3. HP: 21/21 MP: 7/7
  1038 | D:2      | Slain by an orc

Skill      XL: |  1  2 |
---------------+-------+-----
Long Blades    | 3 4 |  4.4
Fighting       | |  2.0
Armour         | |  1.1
Dodging        | |  2.1
Spellcasting   | |  3.0
Charms         | |  3.2

Action                   || total
-------------------------++-------
Melee: Long sword        ||   107
 Cast: Infusion          ||     1
  Use: Scroll            ||     1
Armor: Leather armour    ||    26
Dodge: Dodged            ||    62
